 Dungeon Crawl Stone Soup version 0.31-a0-164-g2312942fda (webtiles) character file.

Game seed: 13528454874693028855

116 qw the Chopper (level 5, -7/32 HPs)
             Began as a Gargoyle Fighter on June 13, 2023.
             Killed from afar by an orc wizard (12 damage)
             ... with a magic dart
             ... on level 3 of the Dungeon.
             The game lasted 00:01:04 (2062 turns).

qw the Chopper (Gargoyle Fighter)                   Turns: 2062, Time: 00:01:05

Health: -7/32      AC: 12    Str: 21    XL:     5   Next: 1%
Magic:  5/5        EV: 10    Int:  9    God:
Gold:   180        SH:  4    Dex:  9    Spells: 4/4 levels left

rFire   . . .        Y - +0 war axe
rCold   . . .        c - +0 buckler
rNeg    + . .        b - +0 scale mail
rPois   inf          (no helmet)
rElec   +            (no cloak)
rCorr   +            (no gloves)
SInv    .            g - +0 pair of boots
Will    .....        (no amulet) Stlth
                     h - ring of resist corrosion
HPRegen 0.25/turn    (no ring)
MPRegen 0.09/turn

%: no passive effects
@: about to teleport
A: sickness immunity, AC +4, negative energy resistance 1, electricity
resistance, torment resistance 1, petrification resistance, sturdy frame 1
a: no special abilities


You were on level 3 of the Dungeon.
You visited 1 branch of the dungeon, and saw 3 of its levels.

You collected 180 gold pieces.


Innate Abilities, Weirdness & Mutations

You are immune to sickness and miasma.
Your stone body is resilient. (AC +4)
You are immune to poison.
You resist negative energy. (rN+)
You are resistant to electric shocks. (rElec)
You are resistant to unholy torment.
You are immune to petrification.
Your movements are slightly less encumbered by armour. (ER -2)


   Skills:
 - Level 3.2 Fighting
 + Level 4.5 Axes
 - Level 3.2 Armour
 - Level 3.2 Shields


You had 4 spell levels left.
You didn't know any spells.
Your spell library was empty.

Inventory:

Hand Weapons
 n - a +0 mace
 Y - a +0 war axe (weapon)
Armour
 b - a +0 scale mail (worn)
 c - a +0 buckler (worn)
 g - a +0 pair of boots (worn)
Jewellery
 h - a ring of resist corrosion (left hand)
Scrolls
 i - 3 scrolls of identify
 k - a scroll of noise {unknown}
Potions
 a - a potion of lignification
 d - a potion of might
 e - a potion of resistance {unknown}
 f - a potion of mutation
 l - a potion of haste {unknown}
 m - a potion of berserk rage {unknown}
 o - a potion of attraction {unknown}

Dungeon Overview and Level Annotations

Branches:
Dungeon (3/15)

Altars:
Hepliaklqana
Uskayaw
Wu Jian


Message History

Enter note:
Enter note:
Enter note: An orc comes into view. It is wielding a +0 dagger.
The orc wizard casts a spell at you. The magic dart hits you.
Enter note:
Enter note:
Enter note: An orc comes into view.
It is wielding a +1 dagger of electrocution.
The orc shouts!
Enter note:
Enter note:
Enter note: You barely miss the orc priest.
The orc priest mumbles some strange prayers to Beogh against you.
Beogh smites you!
Ouch! That really hurt!
The orc priest mumbles some strange prayers to Beogh against you.
Beogh smites you!
The orc wizard points at you and mumbles some strange words.
The puff of flame misses you.
2060 ||| READING scroll of teleportation.
As you read the scroll of teleportation, it crumbles to dust.
You feel strangely unstable.
The orc priest casts a cantrip, but nothing happens.
You hit the orc priest.
The orc priest is moderately wounded.
You slash the orc!
You kill the orc!
The orc priest hits you but does no damage.
A dart slug comes into view.
You have reached level 5!
You barely miss the orc priest.
The orc priest is moderately wounded.
You closely miss the orc wizard. You hit the orc.
The orc priest barely misses you. The orc hits you but does no damage.
The orc wizard points at you and mumbles some strange words.
The magic dart hits you!
You die...

##### w..... ....# ...... ...#.#
....## ......#### ..#.#.# .(...##
.........# ##.#.#.# #.##..#
.........# ....#.# #.#..(#
#........# #...#.# ....#.#
#.....o.># #.....#
...##.####....oo@.########.....#
._.......+......o.........>....#.
...##..###....<....#######.#.....
....#.## #.........# ...#.####
#.#...## #########.# #.#.#.####
#.##...# #.# #.#....... .....#...
#.# # #.#####. ....####.# #.#
......... ##### # #.# ###[######


You could see an orc priest, an orc wizard, a dart slug and 2 orcs.

Vanquished Creatures
  A sleepcap (D:3)
  3 adders
  2 worms (D:2)
  A dart slug (D:3)
  An orc (D:3)
  9 ball pythons
  An endoplasm (D:1)
  6 goblins
  9 hobgoblins
  2 jackals (D:1)
  4 kobolds
  A quokka (D:3)
  5 bats
  4 frilled lizards
  5 rats
54 creatures vanquished.

Notes
Turn   | Place    | Note
-------+----------+-------------------------------------------
     0 | D:1      | qw the Gargoyle Fighter began the quest for the Orb.
     0 | D:1      | Reached XP level 1. HP: 14/14 MP: 1/1
     0 | D:1      | 0 ||| qw: Version: 0.2-a-29-gc1b59c4
     0 | D:1      | 0 ||| qw: Game counter: 4543
     0 | D:1      | 0 ||| qw: Always use a shield: true
     0 | D:1      | 0 ||| qw: God list: Okawaru
     0 | D:1      | 0 ||| qw: Allow faded altars: false
     0 | D:1      | 0 ||| qw: Do Orc after D:15 true
     0 | D:1      | 0 ||| qw: Do second Lair branch before Depths: true
     0 | D:1      | 0 ||| qw: Lair rune preference: random
     0 | D:1      | 0 ||| qw: Plans: Normal, Zot:1-4, Slime:5, God:TSO, Crypt,
                  | Tomb, Abyss, Pan, Hells, Win
     0 | D:1      | 0 ||| PLANNING D:1-11
   123 | D:1      | 123 ||| Stepping ~*~*~tactically~*~*~ (stealth).
   124 | D:1      | 124 ||| Stepping ~*~*~tactically~*~*~ (stealth).
   130 | D:1      | Reached skill level 2 in Axes
   213 | D:1      | Reached XP level 2. HP: 19/19 MP: 2/2
   323 | D:1      | 323 ||| Stepping ~*~*~tactically~*~*~ (stealth).
   454 | D:1      | 454 ||| Stepping ~*~*~tactically~*~*~ (stealth).
   455 | D:1      | 455 ||| Stepping ~*~*~tactically~*~*~ (stealth).
   492 | D:1      | Reached skill level 3 in Axes
   558 | D:1      | Reached XP level 3. HP: 23/23 MP: 3/3
   771 | D:1      | 771 ||| UPGRADING to ring of resist corrosion.
   772 | D:1      | 772 ||| READING scroll labelled LOIPHY UHEOGE.
  1287 | D:2      | Found an ornate altar of the Wu Jian Council.
  1429 | D:2      | 1429 ||| UPGRADING to +0 pair of boots.
  1434 | D:2      | 1434 ||| DROPPING +6 ring of intelligence.
  1435 | D:2      | 1435 ||| READING 3 scrolls labelled SISONLURUF.
  1436 | D:2      | 1436 ||| DRINKING 2 red potions.
  1436 | D:2      | Gained mutation: Your movements are slightly less
                  | encumbered by armour. (ER -2) [potion of mutation]
  1437 | D:2      | 1437 ||| READING 2 scrolls of identify.
  1437 | D:2      | 1437 ||| IDENTIFYING fuming brown potion
  1482 | D:3      | Reached XP level 4. HP: 28/28 MP: 4/4
  1512 | D:3      | Found a hazy altar of Hepliaklqana.
  1515 | D:3      | 1515 ||| Stepping ~*~*~tactically~*~*~ (stealth).
  1550 | D:3      | 1550 ||| Stepping ~*~*~tactically~*~*~ (stealth).
  1557 | D:3      | 1557 ||| Stepping ~*~*~tactically~*~*~ (stealth).
  1558 | D:3      | Found a hide-covered altar of Uskayaw.
  1603 | D:3      | 1603 ||| DROPPING +0 club.
  1673 | D:3      | Reached skill level 4 in Axes
  1764 | D:3      | 1764 ||| Stepping ~*~*~tactically~*~*~ (stealth).
  1791 | D:3      | 1791 ||| Stepping ~*~*~tactically~*~*~ (hiding).
  2059 | D:3      | HP: 3/28 [orc priest/divine providence (9)]
  2060 | D:3      | 2060 ||| READING scroll of teleportation.
  2062 | D:3      | Reached XP level 5. HP: 4/32 MP: 5/5
  2062 | D:3      | Killed from afar by an orc wizard

Levels and vault maps discovered:
D:1:      tarquinn_simple_flora_water_d, layout_basic
D:2:      layout_basic, basic_altar
D:3:      layout_basic, mainiacjoe_overflow_tiny_flanked,
          mainiacjoe_overflow_small_starburst

Skill      XL: |  1  2  3  4 |
---------------+-------------+-----
Axes           | 2 3 4 |  4.5
Fighting       | |  3.2
Armour         | |  3.2
Shields        | |  3.2

Action                     |  1- 3 |  4- 6 || total
---------------------------+-------+-------++-------
  Melee: War axe           |   108 |    54 ||   162
    Use: Scroll            |     3 |     1 ||     4
         Potion            |     1 |       ||     1
 Armour: Scale mail        |    51 |    24 ||    75
  Dodge: Dodged            |    41 |    27 ||    68
  Block: Buckler           |    15 |     7 ||    22

Table legend:
 A = Non-vault XP
 B = Vault XP
 C = Vault XP percentage of total XP
 D = Non-vault monster count
 E = Vault monster count
 F = Vault count percentage of total count
                 A         B        C        D         E       F
            +---------+---------+-------+---------+---------+-------
      Total |     167 |       0 |   0.0 |      54 |       0 |   0.0
            +---------+---------+-------+---------+---------+-------
        D:1 |      37 |       0 |   0.0 |      23 |       0 |   0.0
        D:2 |      44 |       0 |   0.0 |      15 |       0 |   0.0
        D:3 |      86 |       0 |   0.0 |      16 |       0 |   0.0
            +---------+---------+-------+---------+---------+-------
